AoeStats
← Combi l BU

Arabia

506705227Analyzed
1v1 RM · 18d ago on Sep 14, 2026· 40m 19s· 2 players
Game mode
Random Map
Map size
Tiny (2 player)
Population
200
Speed
Normal
Resources
Standard
Victory
Conquest
Starting age
Dark Age
Ending age
Imperial Age
RankedLock teamsTeams togetherTeam positionsShared explorationLock speedFull tech treeHidden civsTurbo modeCheats
Victory
Defeat
🇲🇽 Inca · Mexico
1951
+24
🇨🇱 Khmer · Chile
2155
-24
Combi l BU
6:11 Loom
8:47 Feudal Age
19:54 Castle Age
17:54 Double-Bit Axe
18:27 Horse Collar
18:50 Gold Mining
20:09 Fletching
19:58 Crossbowman
21:00 Bodkin Arrow
22:04 Ballistics
29:33 Wheelbarrow
30:10 Bow Saw
31:15 Hand Cart
32:06 Stone Mining
36:14 Imperial Age
33:18 Champi Runner
33:59 Squires
34:57 Gold Shaft Mining
35:01 Stone Shaft Mining
34:28 Heavy Plow
34:19 Champi Warrior
35:09 Scale Mail Armor
35:11 Town Watch
36:09 Chain Mail Armor
36:05 Forging
37:24 Plate Mail Armor
36:30 Elite Champi Warrior
37:44 Conscription
39:34 Forging
40:50 Iron Casting
39:53 Pikeman
DGHIR | chanchilaru
8:19 Feudal Age
6:43 Loom
8:48 Double-Bit Axe
20:19 Castle Age
18:48 Fletching
19:27 Padded Archer Armor
20:40 Elite Skirmisher
21:37 Bodkin Arrow
31:03 Gold Mining
31:25 Bow Saw
32:09 Town Watch
33:00 Wheelbarrow
34:30 Gold Shaft Mining
36:51 Imperial Age
34:20 Horse Collar
34:46 Husbandry
35:16 Scale Barding Armor
35:34 Heavy Plow
36:02 Bloodlines
36:42 Chain Barding Armor
36:29 Light Cavalry
38:54 Plate Barding Armor
Connection lost

Rejoining the realm…

Still unreachable

The connection could not be restored.

Session expired

The server has moved on; the page needs a fresh start.